 Dungeon Crawl Stone Soup version 0.27-a0-96-gb51a1d6fd6 (webtiles) character file.

Game seed: 13816817463412045492

444 kae the Insei (level 6, 47/52 HPs)
             Began as a Demonspawn Monk on Jan 19, 2021.
             Was a Believer of Okawaru.
             Quit the game on level 4 of the Dungeon.
             The game lasted 00:02:35 (4801 turns).

kae the Insei (Demonspawn Monk)                     Turns: 4801, Time: 00:02:35

Health: 47/52      AC:  8    Str: 13    XL:     6   Next: 72%
Magic:  9/9        EV: 12    Int: 12    God:    Okawaru [**....]
Gold:   176        SH:  0    Dex: 17    Spells: 9/9 levels left

rFire    . . .     SeeInvis .     - Unarmed
rCold    + . .     Faith    .   (no shield)
rNeg     + . .     Spirit   .   o - +0 ring mail
rPois    .         Reflect  .   j - +0 helmet
rElec    .         Harm     .   r - +0 cloak
rCorr    .         Rampage  .   e - +0 pair of gloves
Will     .....                  (no boots)
Stlth    ++........             (no amulet)
HPRegen  0.17/turn              h - ring of positive energy
MPRegen  0.11/turn              (no ring)

@: no status effects
A: talons 1, thin skeletal structure 1, blurry vision 1, cold resistance 1,
demonic guardian 1, sense surroundings 1, robust 1, miasma immunity
a: Renounce Religion, Heroism


You were on level 4 of the Dungeon.
You worshipped Okawaru.
Okawaru was pleased with you.
You visited 2 branches of the dungeon, and saw 7 of its levels.

You collected 176 gold pieces.

Inventory:

Armour
 a - a +1 robe
 e - a +0 pair of gloves (worn)
 j - a +0 helmet (worn)
 o - a +0 ring mail (worn)
 r - a +0 cloak (worn)
Jewellery
 d - an uncursed ring of willpower {unknown}
 h - a ring of positive energy (left hand)
Scrolls
 b - 2 scrolls of remove curse
 c - a scroll of acquirement {unknown}
 f - a scroll of random uselessness {unknown}
 k - 3 scrolls of identify
 l - a scroll of enchant weapon {unknown}
 n - a scroll of teleportation {unknown}
 p - a scroll of noise {unknown}
Potions
 g - a potion of curing
 m - a potion of haste {unknown}
 q - a potion of attraction {unknown}


   Skills:
 + Level 4.2 Fighting
 + Level 1.8 Armour
 + Level 3.7 Dodging
 - Level 1.7 Stealth
 * Level 4.6 Unarmed Combat
 + Level 2.3 Spellcasting


You had 9 spell levels left.
You didn't know any spells.
Your spell library was empty.

Dungeon Overview and Level Annotations

Branches:
Dungeon (6/15)             Temple (1/1) D:4

Altars:
Ashenzari
Cheibriados
Dithmenos
Elyvilon
Fedhas
Gozag
Hepliaklqana
Kikubaaqudgha
Nemelex Xobeh
Okawaru
Qazlal
Ru
Sif Muna
Uskayaw
Vehumet
Wu Jian
Xom
Yredelemnul
Zin
The Shining One


Innate Abilities, Weirdness & Mutations

You have sharp toenails.
You have a somewhat thin skeletal structure. (Dex +2, Stealth)
A weak demonic guardian rushes to your aid.
You are immune to miasma.
Scrolls take you a little longer to read.
Your flesh is cold resistant. (rC+)
You passively map a small area around you.
You are robust. (+10% HP)


Message History

There are monsters nearby!
You punch the bullfrog skeleton! You claw the bullfrog skeleton.
The bullfrog skeleton is heavily damaged.
The bullfrog skeleton hits you.
The quokka skeleton bites you but does no damage.
You punch the bullfrog skeleton! You claw the bullfrog skeleton.
You destroy the bullfrog skeleton!
Okawaru accepts your kill. The quokka skeleton closely misses you.
There are monsters nearby!
You punch the quokka skeleton!
You destroy the quokka skeleton!
Okawaru accepts your kill.
You punch the adder skeleton! You claw the adder skeleton.
The adder skeleton is heavily damaged.
The adder skeleton bites you but does no damage.
You punch the adder skeleton!
You destroy the adder skeleton!
Okawaru accepts your kill.
Are you sure you want to abandon this character and quit the game? (Confirm with "yes".)

#### #.. ... , #####
#.# *##..# ,
#...###.####...#*
#............... # *
#.[#.##..#.##.##,,.# ,
#..#.....#...... ..# ,*
###.....##....#.##...#
.....##....##.#.@.$# *
####....##......##.# *
###...#....>.##........
,
....†.#.##......#..#.##
*
####.......##.#.#..#,#
#.##.#.....#......* * *
#....#..##....#.###
#.##.......##.#.# ,
###.....##.#......# , ,
*


There were no monsters in sight!

Vanquished Creatures
  An ogre (D:6)
  A scorpion (D:5)
  A bullfrog zombie (D:4)
  Crazy Yiuf (D:2)
  A bullfrog skeleton (D:4)
  A centaur skeleton (D:5)
  A hound skeleton (D:5)
  3 gnolls (D:5)
  4 adders
  A shadow imp (D:6)
  An ufetubus (D:6)
  An ooze (D:1)
  An adder skeleton (D:4)
  4 worms
  3 leopard geckos
  An orc (D:6)
  8 bats
  3 giant cockroaches (D:1)
  13 goblins
  9 hobgoblins
  4 jackals (D:1)
  A ball python (D:1)
  4 frilled lizards
  5 kobolds
  A leopard gecko zombie (D:5)
  2 quokka skeletons
  3 rats
79 creatures vanquished.

Vanquished Creatures (collateral kills)
  An orc priest (D:6)
  A worker ant zombie (D:5)
  An orc (D:6)
3 creatures vanquished.

Grand Total: 82 creatures vanquished

Notes
Turn   | Place    | Note
-------+----------+-------------------------------------------
     0 | D:1      | kae the Demonspawn Monk began the quest for the Orb.
     0 | D:1      | Reached XP level 1. HP: 18/18 MP: 1/1
   293 | D:1      | Gained mutation: You are immune to miasma. [demonic
                  | ancestry]
   293 | D:1      | Reached XP level 2. HP: 8/24 MP: 2/2
  1022 | D:1      | Gained mutation: You have sharp toenails. [demonic
                  | ancestry]
  1022 | D:1      | Reached XP level 3. HP: 18/29 MP: 4/4
  1351 | D:1      | Reached skill level 1 in Spellcasting
  1916 | D:2      | Found a runed translucent door.
  1917 | D:2      | Noticed Crazy Yiuf
  2056 | D:2      | Reached XP level 4. HP: 4/35 MP: 5/5
  2902 | D:2      | Killed Crazy Yiuf
  3487 | D:3      | You fall into a shaft and drop 2 floors!
  3487 | D:5      | Entered Level 5 of the Dungeon
  3487 | D:5      | Noticed an ogre
  3535 | D:5      | Gained mutation: Your flesh is cold resistant. (rC+)
                  | [potion of mutation]
  3535 | D:5      | Gained mutation: Scrolls take you a little longer to read.
                  | [potion of mutation]
  3535 | D:5      | Gained mutation: You passively map a small area around you.
                  | [potion of mutation]
  3535 | D:5      | Gained mutation: You are robust. (+10% HP) [potion of
                  | mutation]
  3559 | D:6      | Gained mutation: A weak demonic guardian rushes to your
                  | aid. [demonic ancestry]
  3559 | D:6      | Reached XP level 5. HP: 25/46 MP: 7/7
  3570 | D:6      | Reached skill level 1 in Armour
  3830 | D:6      | Killed an ogre
  4159 | D:5      | Gained mutation: You have a somewhat thin skeletal
                  | structure. (Dex +2, Stealth) [demonic ancestry]
  4159 | D:5      | Reached XP level 6. HP: 38/52 MP: 7/9
  4596 | D:4      | Found a staircase to the Ecumenical Temple.
  4635 | Temple   | Entered the Ecumenical Temple
  4777 | Temple   | Became a worshipper of Warmaster Okawaru
  4777 | Temple   | Reached * piety under Okawaru
  4777 | Temple   | Reached ** piety under Okawaru
  4801 | D:4      | Quit the game

Illustrated notes

Levels and vault maps discovered:
D:1:      minmay_arrival_solitary_statue, layout_loops_ring,
          minmay_close_crescents
D:2:      cheibrodos_greedy_goblins, layout_loops_corners,
          uniq_crazy_yiuf_cottage
D:3:      layout_loops_corners, tgw_trog
D:4:      cheibrodos_barr_body, layout_loops_cross, minmay_temple_entry_ruins
D:5:      minmay_clustersquares, layout_cave_pools,
          nicolae_tso_swordbearing_angel
D:6:      layout_basic, minivault_25
Temple:   regret_index_temple_sigil_plot

Skill      XL: |  1  2  3  4  5  6 |
---------------+-------------------+-----
Unarmed Combat | 3 4 |  4.6
Dodging        | 3 |  3.7
Spellcasting   | 1 2 |  2.3
Armour         | 1 |  1.8
Fighting       | 4 |  4.2
Stealth        | |  1.7

Action                   |  1- 3 |  4- 6 || total
-------------------------+-------+-------++-------
Melee: Unarmed           |   188 |   136 ||   324
       Punch             |     3 |     7 ||    10
       Kick              |    15 |    54 ||    69
  Use: Potion            |       |     5 ||     5
       Scroll            |       |     3 ||     3
 Stab: Sleeping          |     3 |     1 ||     4
Armor: Robe              |    19 |       ||    19
       Ring mail         |     8 |    66 ||    74
Dodge: Dodged            |   129 |   169 ||   298

Table legend: (Time is in decaauts)
 A = Elapsed time spent in this place.
 B = Non-inter-level travel time spent in this place.
 C = Inter-level travel time spent in this place.
 D = Time resting spent in this place.
 E = Time spent auto-exploring this place.
 F = Levels seen in this place.
 G = Mean time per level.
                   A        B        C        D        E       F      G
               +--------+--------+--------+--------+--------+-----+--------+
         Total |   4781 |   4634 |    147 |   1911 |   2035 |   7 |  683.0 |
       Dungeon |   4627 |   4500 |    127 |   1911 |   1904 |   6 |  771.2 |
        Temple |    153 |    133 |     20 |      0 |    131 |   1 |  153.0 |
               +--------+--------+--------+--------+--------+-----+--------+

Top non-repeatable levels by time:
     D:2: 1735 daAuts
     D:1: 1445 daAuts
     D:6: 595 daAuts
     D:5: 496 daAuts
     D:3: 290 daAuts
  Temple: 153 daAuts
     D:4: 65 daAuts
